AoeStats
← Yorshka

Arabia

509334704Analyzed
1v1 RM · 6d ago on Sep 26, 2026· 30m 45s· 2 players
Game mode
Random Map
Map size
Tiny (2 player)
Population
200
Speed
Normal
Resources
Standard
Victory
Conquest
Starting age
Dark Age
Ending age
Imperial Age
RankedLock teamsTeams togetherTeam positionsShared explorationLock speedFull tech treeHidden civsTurbo modeCheats
Victory
Defeat
🇨🇳 Italians · China
2021
+16
🇬🇧 Lithuanians · United Kingdom
2029
-16
Yorshka
7:03 Loom
7:28 Loom
10:06 Feudal Age
10:40 Double-Bit Axe
14:10 Fletching
16:18 Horse Collar
21:02 Castle Age
19:13 Gold Mining
21:16 Padded Archer Armor
21:04 Crossbowman
21:42 Bodkin Arrow
25:36 Bow Saw
25:30 Heavy Plow
26:59 Light Cavalry
27:55 Scale Barding Armor
28:35 Wheelbarrow
28:35 Husbandry
Flipper the Priest
0:52 Loom
10:19 Feudal Age
10:49 Double-Bit Axe
12:42 Horse Collar
17:13 Fletching
19:41 Padded Archer Armor
24:09 Castle Age
24:09 Wheelbarrow
24:10 Elite Skirmisher
24:46 Bodkin Arrow
25:42 Leather Archer Armor
27:38 Town Watch
28:05 Bow Saw
Connection lost

Rejoining the realm…

Still unreachable

The connection could not be restored.

Session expired

The server has moved on; the page needs a fresh start.